 Dungeon Crawl Stone Soup version 0.26-a0-652-gafc20e3620 (webtiles) character file.

Game seed: 13959297416316415861

22486 grandjackal the Fighter (level 12, 0/100 HPs)
             Began as a Demonspawn Gladiator on Oct 1, 2020.
             Was a Priest of Nemelex Xobeh.
             Shot with an arrow by a centaur (4 damage)
             ... on level 12 of the Dungeon.
             The game lasted 00:25:59 (19075 turns).

grandjackal the Fighter (Demonspawn Gladiator)     Turns: 19075, Time: 00:26:00

Health: 0/100      AC:  6    Str: 19    XL:     12   Next: 63%
Magic:  28/28      EV: 18    Int: 10    God:    Nemelex Xobeh [***...]
Gold:   1411       SH:  0    Dex: 15    Spells: 11/11 levels left

rFire    . . .     SeeInvis +   h - +0 scimitar
rCold    . . .     Faith    .   (no shield)
rNeg     . . .     Spirit   .   b - +0 leather armour
rPois    .         Reflect  .   c - +0 helmet
rElec    .         Harm     .   g - +0 cloak
rCorr    +         Rampage  .   (no gloves)
MR       .....                  (no boots)
Stlth    +.........             x - amulet of magic regeneration
HPRegen  0.26/turn              B - ring "Fethih" {rC- rCorr MP+9 SInv}
MPRegen  0.46/turn              y - ring of protection from cold

@: no status effects
A: hooves 2, demonic guardian 1, powered by pain 2, sharp scales 1
a: Draw Escape, Draw Destruction, Draw Summoning, Triple Draw, Renounce Religion


You were on level 12 of the Dungeon.
You worshipped Nemelex Xobeh.
Nemelex Xobeh was most pleased with you.
You visited 2 branches of the dungeon, and saw 13 of its levels.
You also visited: Sewer and Ossuary.

You collected 1526 gold pieces.
You spent 115 gold pieces at shops.

Inventory:

Hand Weapons
 h - a +0 scimitar (weapon)
 v - a +1 dagger of electrocution
 C - a +0 hand axe of flaming
 G - a +2 dagger of draining
Missiles
 d - 2 throwing nets (quivered)
 l - 2 curare-tipped darts
Armour
 b - a +0 leather armour (worn)
 c - a +0 helmet (worn)
 g - a +0 cloak (worn)
Jewellery
 o - a +4 ring of protection {unknown}
 x - an amulet of magic regeneration (around neck)
 y - a ring of protection from cold (right hand)
 B - the ring "Fethih" (left hand) {rC- rCorr MP+9 SInv}
   (You found it on level 4 of the Dungeon)

   [ring of resist corrosion]

   It makes you vulnerable to cold.
   It affects your magic capacity (+9).
   It lets you see invisible.
   It provides partial protection from all sources of acid and corrosion.
 H - a cursed ring of teleportation {unknown}
 K - an uncursed ring of resist corrosion {unknown}
Wands
 p - a wand of polymorph (6)
 A - a wand of acid (3)
 I - a wand of iceblast (2)
 L - a wand of random effects (33)
Scrolls
 a - a scroll of silence
 e - 6 scrolls of teleportation
 j - 2 scrolls of identify
 k - 5 scrolls of enchant weapon
 r - 10 scrolls of remove curse
 s - 3 scrolls of fear
 z - 3 scrolls of enchant armour
 F - 2 scrolls of blinking
 J - 2 scrolls of fog
 M - 3 scrolls of magic mapping
Potions
 f - 3 potions of haste
 i - 4 potions of heal wounds {cure heal or fly}
 m - 3 potions of cancellation
 n - 6 potions of brilliance
 q - a potion of might
 t - 2 potions of magic
 u - 6 potions of ambrosia
 w - 4 potions of lignification
 D - 2 potions of mutation
 E - 4 potions of flight {cure heal or fly}


   Skills:
 + Level 11.2 Fighting
 + Level 10.6 Long Blades
 - Level 1.7 Throwing
 + Level 3.4 Armour
 - Level 10.0 Dodging
 + Level 10.5 Invocations


You had 11 spell levels left.
You didn't know any spells.
Your spell library contained the following spells:

 Spells                   Type           Power        Failure   Level
 Apportation              Tloc           #.....       41%         1
 Corona                   Hex            #......      41%         1
 Ensorcelled Hibernation  Hex/Ice        #.....       54%         2
 Confusing Touch          Hex            #.......     78%         3
 Dazzling Flash           Conj/Hex       #.....       78%         3
 Lesser Beckoning         Tloc           #.........   78%         3
 Tukima's Dance           Hex            #.......     78%         3
 Alistair's Intoxication  Tmut/Pois      #........    100%        5
 Invisibility             Hex            #.......     100%        6


Dungeon Overview and Level Annotations

Branches:
Dungeon (12/15)            Temple (1/1) D:7            Lair (0/6) D:9
    Orc (0/2) D:9           Sewer (visited)         Ossuary (visited)

Altars:
Ashenzari
Cheibriados
Dithmenos
Elyvilon
Fedhas
Gozag
Hepliaklqana
Kikubaaqudgha
Makhleb
Nemelex Xobeh
Okawaru
Qazlal
Ru
Sif Muna
Trog
Uskayaw
Vehumet
Wu Jian
Xom
Yredelemnul
Zin
The Shining One

Shops:
D:10 ?


Innate Abilities, Weirdness & Mutations

You have hoof-like feet.
A weak demonic guardian rushes to your aid.
You sometimes gain power by taking damage.
You are partially covered in razor-sharp scales. (AC +1, Slay +1)


Message History

There is an open door here.
You completely miss the centaur. The centaur hits you!
* * * LOW HITPOINT WARNING * * *
Throwing (i - inventory. (/) - cycle)
d - 3 throwing nets (quivered)
Press: ? - help, Shift-Dir - straight line, f - centaur
Aim: a centaur, quivering 21 arrows You throw a throwing net.
The throwing net hits the centaur.
The centaur is caught in the net!
The centaur struggles against the net.
Unknown command.
You slice the centaur!! You kick the centaur.
The centaur is almost dead.
You hear a shout!
The centaur struggles against the net. x2
The net rips apart, and the centaur comes free!
You slash the centaur!
You kill the centaur!
A centaur comes into view. It is wielding a +0 shortbow.
The centaur shoots an arrow.
The arrow hits you.
You die...
Your body glows slightly and disappears.

#........'....#.#.#
#........######.#.)
######......## #.....#
#...##.####.# #.....#
#...##.# #.# ##.....#
#......# ######......#
###....####....#......#
#....'.....#.#......#
#...@#######.#......#
#....# #.....#.5....#
#.>.(###.#####.######
#....c....##...#
#.........##.###
#.........c..#
#####.....#### #.....#
#.....#


You could see a centaur.

Vanquished Creatures
  2 unseen horrors (D:11)
  Pikel (D:9)
  3 ugly things (D:11)
  A gargoyle (D:11)
  A centaur skeleton (D:6)
  A troll (D:9)
  A harpy skeleton (D:11)
  A hornet (D:11)
  A hippogriff (D:10)
  A shadow (D:12)
  5 yaks (D:10)
  4 hogs (D:8)
  2 wyverns
  A human (D:8)
  A steam dragon (D:11)
  Menkaure (D:4)
  A water moccasin (D:11)
  4 sky beasts
  10 orc warriors
  An ice beast (D:11)
  2 eyes of draining
  2 phantoms (D:4)
  A boggart (D:11)
  6 ogres
  6 centaurs
  6 big kobolds
  5 bullfrogs
  2 gnoll sergeants (D:9)
  4 scorpions
  A water moccasin skeleton (D:8)
  41 killer bees
  5 wights
  3 electric eels (D:11)
  4 howler monkeys
  A quasit (D:8)
  7 orc priests
  4 hounds
  A bullfrog skeleton (D:11)
  Jessica (D:2)
  Natasha (twice) (D:3)
  4 iguanas
  13 orc wizards
  9 worker ants
  4 mummies (Ossuary)
  2 worker ant zombies (D:7)
  4 gnolls
  A howler monkey skeleton (D:9)
  13 adders
  2 river rats (Sewer)
  4 shadow imps
  A white imp (D:10)
  2 ufetubi
  An ooze (D:4)
  3 adder skeletons
  3 worms
  3 dart slugs
  6 leopard geckos
  43 orcs
  3 bats
  10 giant cockroaches
  5 gnoll zombies (Ossuary)
  9 goblins
  6 hobgoblins
  12 jackals
  10 kobolds
  4 quokkas
  A ball python (D:7)
  A frilled lizard (D:3)
  2 gnoll skeletons (Ossuary)
  4 goblin skeletons (Ossuary)
  7 goblin zombies (Ossuary)
  4 hobgoblin skeletons (Ossuary)
  4 hobgoblin zombies (Ossuary)
  A jackal skeleton (D:6)
  A kobold skeleton (Ossuary)
  2 kobold zombies (Ossuary)
  5 orc skeletons (Ossuary)
  3 orc zombies (Ossuary)
  11 rats
  8 rat skeletons (Ossuary)
  3 rat zombies (Ossuary)
381 creatures vanquished.

Vanquished Creatures (collateral kills)
  A queen bee (D:9)
  A hippogriff (D:11)
  A yak (D:10)
  2 ogres (D:4)
  A black bear (D:6)
  4 killer bees
  A hound (D:4)
  2 orc priests
  Crazy Yiuf (D:3)
  Natasha (D:3)
  A worker ant (D:11)
  An adder (D:4)
  2 gnolls
  A hobgoblin (D:3)
20 creatures vanquished.

Vanquished Creatures (others)
  A goblin skeleton (Ossuary)
  A goblin zombie (Ossuary)
  7 fungi (D:9)
  6 plants (D:9)
15 creatures vanquished.

Grand Total: 416 creatures vanquished

Notes
Turn   | Place    | Note
-------+----------+-------------------------------------------
     0 | D:1      | grandjackal the Demonspawn Gladiator began the quest for
                  | the Orb.
     0 | D:1      | Reached XP level 1. HP: 16/16 MP: 1/1
   191 | D:1      | Gained mutation: You have large cloven feet. [demonic
                  | ancestry]
   191 | D:1      | Reached XP level 2. HP: 22/22 MP: 2/2
   844 | D:2      | Reached XP level 3. HP: 28/28 MP: 3/3
  1346 | D:2      | Noticed Jessica
  1350 | D:2      | Killed Jessica
  1618 | D:2      | Found a shimmering altar of Xom.
  1618 | D:2      | Gained mutation: A weak demonic guardian rushes to your
                  | aid. [demonic ancestry]
  1618 | D:2      | Reached XP level 4. HP: 34/34 MP: 4/4
  1626 | D:2      | Reached skill level 3 in Fighting
  1627 | D:2      | Found a shadowy altar of Dithmenos.
  1898 | D:3      | Found a broken altar of Ashenzari.
  2038 | D:3      | Noticed Natasha
  2041 | D:3      | Killed Natasha
  2355 | D:3      | Reached XP level 5. HP: 41/41 MP: 5/5
  2704 | D:3      | Found a runed translucent door.
  2705 | D:3      | Noticed Crazy Yiuf
  2711 | D:3      | Killed Crazy Yiuf
  2855 | D:3      | Noticed Natasha
  2859 | D:3      | Killed Natasha
  3357 | D:3      | Noticed Natasha
  3364 | D:3      | Killed Natasha
  3401 | D:4      | Noticed a phantom
  3402 | D:4      | Noticed Menkaure
  3406 | D:4      | Killed Menkaure
  3406 | D:4      | Reached skill level 4 in Fighting
  3406 | D:4      | Gained mutation: You sometimes gain a little power by
                  | taking damage. [demonic ancestry]
  3406 | D:4      | Reached XP level 6. HP: 25/48 MP: 6/6
  4011 | D:4      | Reached XP level 7. HP: 46/55 MP: 7/7
  4349 | D:4      | Reached skill level 5 in Long Blades
  4349 | D:4      | Reached skill level 5 in Dodging
  4581 | D:4      | Reached skill level 5 in Fighting
  4679 | D:4      | Found a glowing golden altar of the Shining One.
  5013 | D:4      | Got a transparent platinum ring
  5446 | D:4      | Identified the ring "Fethih" {rC- rCorr MP+9 SInv} (You
                  | found it on level 4 of the Dungeon)
  5551 | D:5      | Entered Level 5 of the Dungeon
  5818 | D:5      | Gained mutation: You are partially covered in razor-sharp
                  | scales. (AC +1, Slay +1) [demonic ancestry]
  5818 | D:5      | Reached XP level 8. HP: 62/63 MP: 8/8
  5827 | D:5      | Found a glowing drain.
  5839 | Sewer    | Entered a sewer
  5981 | Sewer    | Found a glowing silver altar of Zin.
  6684 | D:5      | Reached skill level 6 in Fighting
  8196 | D:6      | Reached skill level 7 in Fighting
  8204 | D:6      | Gained mutation: You have hoof-like feet. [demonic
                  | ancestry]
  8204 | D:6      | Reached XP level 9. HP: 52/72 MP: 9/9
  8984 | D:7      | Reached skill level 8 in Fighting
  9141 | D:7      | Found a staircase to the Ecumenical Temple.
  9234 | Temple   | Entered the Ecumenical Temple
  9341 | Temple   | Became a worshipper of Nemelex Xobeh the Trickster
  9513 | D:7      | Found a sacrificial altar of Ru.
  9649 | D:8      | Found a hide-covered altar of Uskayaw.
  9669 | D:8      | Reached skill level 1 in Invocations
  9914 | D:8      | Reached XP level 10. HP: 20/82 MP: 12/12
 10073 | D:8      | Found a shimmering blue altar of Sif Muna.
 10087 | D:8      | Reached * piety under Nemelex Xobeh
 10109 | D:8      | Found a sand-covered staircase.
 10185 | Ossuary  | Entered an ossuary
 10780 | D:8      | Received a gift from Nemelex Xobeh
 11211 | D:9      | Found a staircase to the Orcish Mines.
 11840 | D:9      | Reached skill level 9 in Fighting
 11907 | D:9      | Reached skill level 5 in Invocations
 12599 | D:9      | Noticed Pikel
 12613 | D:9      | Killed Pikel
 12804 | D:9      | HP: 2/83 [killer bee (8)]
 13327 | D:9      | Gained mutation: You sometimes gain power by taking damage.
                  | [demonic ancestry]
 13327 | D:9      | Reached XP level 11. HP: 38/89 MP: 16/16
 13697 | D:9      | Received a gift from Nemelex Xobeh
 13713 | D:9      | Found a staircase to the Lair.
 13827 | D:9      | Identified a scroll of acquirement
 14413 | D:9      | Reached ** piety under Nemelex Xobeh
 14500 | D:9      | Found an ancient bone altar of Kikubaaqudgha.
 14861 | D:9      | Acquired 667 gold pieces
 14863 | D:9      | Reached skill level 10 in Fighting
 14863 | D:9      | Reached skill level 10 in Long Blades
 14863 | D:9      | Reached skill level 10 in Dodging
 14863 | D:9      | Reached XP level 12. HP: 99/99 MP: 18/18
 14888 | D:10     | Entered Level 10 of the Dungeon
 15562 | D:10     | Reached skill level 1 in Armour
 16232 | D:10     | Found Xeditaj's Magic Scroll Emporium.
 16236 | D:10     | Bought a scroll of teleportation for 33 gold pieces
 16236 | D:10     | Bought a scroll of fear for 38 gold pieces
 16236 | D:10     | Bought a scroll of fog for 22 gold pieces
 16236 | D:10     | Bought a scroll of identify for 22 gold pieces
 16835 | D:11     | Reached skill level 11 in Fighting
 16835 | D:11     | Reached skill level 10 in Invocations
 17817 | D:11     | Received a gift from Nemelex Xobeh
 17905 | D:11     | Reached *** piety under Nemelex Xobeh
 19035 | D:12     | Noticed an eight-headed hydra
 19071 | D:12     | HP: 3/100 [centaur (8)]
 19075 | D:12     | Shot with an arrow by a centaur

Illustrated notes

Levels and vault maps discovered:
D:1:      roderic_crossed_star, layout_loops_ring
D:2:      layout_basic, minitemple, chequers_arboretum, uniq_jessica
D:3:      layout_rooms, nicolae_ashenzari_panopticon, uniq_natasha,
          uniq_crazy_yiuf_cottage
D:4:      layout_basic, nicolae_tso_swordbearing_angel, minmay_three_crescents,
          uniq_menkaure
D:5:      layout_layer_cave, lightli_sewer_entry_pipes, kennysheep_nub
D:6:      layout_basic
D:7:      layout_loops_ring, nicolae_ru_great_annihilating_truth,
          minmay_temple_entry_junction, roderic_roman_lattice,
          grunt_ministairs_13
D:8:      layout_loops_ring, led_sif_book, enter_ossuary_5, basic_altar,
          grunt_livestock
D:9:      layout_layer_cave, lemuel_round_altar, dpeg_oklobed_lair,
          kennysheep_orc_monster_closet_entryway, special_room
          [special_room_bee], serial_glass, glass_columns_a, glass_columns_a,
          uniq_pikel
D:10:     layout_loops_corners, serial_shops, shop
D:11:     layout_basic
D:12:     layout_basic, minmay_misc_feat_room, guppyfry_shop_earth
Temple:   eino_temple_rhombus

Skill      XL: |  1  2  3  4  5  6  7  8  9 10 11 12 |
---------------+-------------------------------------+-----
Long Blades    | 3 4 5 6 8 9 10 | 10.6
Dodging        | 3 4 5 6 8 9 10 | 10.0
Fighting       | 3 4 5 7 8 9 10 11 | 11.2
Invocations    | 3 6 9 10 | 10.5
Armour         | 3 |  3.4
Throwing       | |  1.7

Action                   |  1- 3 |  4- 6 |  7- 9 | 10-12 || total
-------------------------+-------+-------+-------+-------++-------
Melee: Long sword        |    72 |   109 |   221 |       ||   402
       Kick              |    15 |    27 |   130 |   221 ||   393
       Scimitar          |       |       |   130 |   539 ||   669
       Hand axe          |       |       |       |     2 ||     2
Throw: Throwing net      |       |       |       |     1 ||     1
Invok: Draw Destruction  |       |       |       |     8 ||     8
Evoke: Wand              |       |       |       |    13 ||    13
  Use: Scroll            |       |       |    11 |    17 ||    28
       Potion            |       |       |     4 |     8 ||    12
 Stab: Paralysed         |       |       |     1 |       ||     1
       Distracted        |       |       |       |     1 ||     1
       Sleeping          |       |       |       |     1 ||     1
Armor: Leather armour    |    29 |    23 |    84 |    95 ||   231
Dodge: Dodged            |    59 |    73 |   314 |   558 ||  1004
       Rpst.: Long sword |    17 |    22 |    53 |       ||    92
       Scimitar          |       |       |    29 |   155 ||   184

Table legend: (Time is in decaauts)
 A = Elapsed time spent in this place.
 B = Non-inter-level travel time spent in this place.
 C = Inter-level travel time spent in this place.
 D = Time resting spent in this place.
 E = Time spent auto-exploring this place.
 F = Levels seen in this place.
 G = Mean time per level.
                   A        B        C        D        E       F      G
               +--------+--------+--------+--------+--------+-----+--------+
         Total |  19185 |  18599 |    586 |   6535 |   8837 |  15 | 1279.0 |
       Dungeon |  18298 |  17728 |    570 |   6340 |   8572 |  12 | 1524.8 |
        Temple |    123 |    107 |     16 |      0 |      0 |   1 |  123.0 |
         Sewer |    216 |    216 |      0 |      0 |    131 |   1 |  216.0 |
       Ossuary |    547 |    547 |      0 |    195 |    133 |   1 |  547.0 |
               +--------+--------+--------+--------+--------+-----+--------+

Top non-repeatable levels by time:
     D:9: 3004 daAuts
     D:3: 2234 daAuts
    D:11: 2094 daAuts
    D:10: 1778 daAuts
     D:8: 1707 daAuts
     D:4: 1623 daAuts
     D:6: 1338 daAuts
     D:5: 1291 daAuts
     D:7: 1183 daAuts
     D:2: 937 daAuts
     D:1: 812 daAuts
 Ossuary: 547 daAuts
    D:12: 290 daAuts
   Sewer: 216 daAuts
  Temple: 123 daAuts
